 Dungeon Crawl Stone Soup version 0.29-a0-559-g359e09b9d1 (webtiles) character file.

Game seed: 8951194944894350012

37 ryw the Sneak (level 3, -1/16 HPs)
             Began as a Spriggan Enchanter on June 11, 2022.
             Slain by Sigmund
             ... wielding a +0 scythe
              (12 damage)
             ... on level 2 of the Dungeon.
             The game lasted 00:04:21 (2535 turns).

ryw the Sneak (Spriggan Enchanter)                  Turns: 2535, Time: 00:04:21

Health: -1/16      AC:  2    Str:  4    XL:     3   Next: 21%
Magic:  7/8        EV: 18    Int: 18    God:
Gold:   44         SH:  0    Dex: 15    Spells: 0/8 levels left

rFire   . . .      SeeInvis +   a - +1 dagger
rCold   . . .      Faith    .   (no shield)
rNeg    . . .      Spirit   .   b - +0 robe
rPois   .          Reflect  .   (helmet restricted)
rElec   .          Harm     .   (no cloak)
rCorr   .          Rampage  .   (gloves unavailable)
Will    .....                   (boots unavailable)
Stlth   +++.......              (no amulet)
HPRegen 0.05/turn               (no ring)
MPRegen 0.11/turn               (no ring)

@: very quick
A: very small, no large weapons, unfitting armour, see invisible, speed 3
a: no special abilities


You were on level 2 of the Dungeon.
You visited 1 branch of the dungeon, and saw 2 of its levels.

You collected 44 gold pieces.

Inventory:

Hand Weapons
 a - a +1 dagger (weapon)
Armour
 b - a +0 robe (worn)
Jewellery
 e - a ring of willpower
Scrolls
 h - 4 scrolls of identify {unknown}
 i - a scroll of teleportation {unknown}
Potions
 c - 2 potions of invisibility
 d - 2 potions of curing {unknown}
 f - a potion of might
 g - 2 potions of heal wounds {unknown}


   Skills:
 + Level 1.9 Short Blades
 + Level 3.4 Dodging
 - Level 4.4 Stealth
 + Level 3.2 Spellcasting
 * Level 4.1 Hexes


You couldn't memorise any spells.
You knew the following spells:

 Your Spells              Type           Power      Damage    Failure   Level
a - Confusing Touch       Hex            17%        N/A       9%          3
b - Ensorcelled Hibernat  Hex/Ice        20%        N/A       11%         2
c - Tukima's Dance        Hex            17%        N/A       9%          3

Your spell library contained the following spells:

 Spells                   Type           Power      Damage    Failure   Level
 Freeze                   Ice            8%         1d3       16%         1
 Dazzling Flash           Conj/Hex       20%        N/A       21%         3
 Static Discharge         Conj/Air       2%         N/A       24%         2
 Frozen Ramparts          Ice            4%         1d2       43%         3
 Dispel Undead            Necr           2%         3d7       85%         4
 Hailstorm                Conj/Ice       2%         3d3       85%         4
 Sticky Flame             Conj/Fire      2%         2d3       85%         4


Dungeon Overview and Level Annotations

Branches:
Dungeon (2/15)

Altars:

Annotations:
D:2 Sigmund


Innate Abilities, Weirdness & Mutations

You are very small and have problems with some larger weapons.
You are too small for most types of armour.
You have supernaturally acute eyesight. (SInv)
You cover ground extremely quickly. (Speed+++)


Message History

You puncture the hobgoblin!
You kill the hobgoblin!
You see here a ball python corpse.
You now have 44 gold pieces (gained 14).
h - 4 scrolls labelled HISUONLIFU (gained 1)
Casting: Confusing Touch (extremely dangerous; 9% risk of failure)
Confirm with . or Enter, or press ? or * to list all spells.
The spell is extremely dangerous to miscast (9% risk of failure)!
Continue anyway?
Your hands begin to glow red.
Sigmund shouts!
Sigmund gestures at you while chanting. You resist with some effort.
You barely miss Sigmund. Sigmund misses you.
You hit Sigmund but do no damage. You hit Sigmund but do no damage.
Sigmund casts a spell at you. The puff of flame misses you.
You barely miss Sigmund. Sigmund closely misses you.
You hit Sigmund but do no damage. You hit Sigmund but do no damage.
Sigmund zaps a wand.
The puff of flame hits you.
You hit Sigmund but do no damage.
Sigmund appears confused.
You hit Sigmund.
Sigmund is lightly wounded.
You hit Sigmund.
Sigmund is moderately wounded.
You hit Sigmund.
Sigmund is moderately wounded.
You completely miss Sigmund.
Sigmund is moderately wounded.
Sigmund completely misses you.
You hit Sigmund.
Sigmund is heavily wounded.
You hit Sigmund.
Sigmund is heavily wounded.
You hit Sigmund.
Sigmund is severely wounded.
Sigmund hits you with a +0 scythe!
Ouch! That really hurt!
You die...

#..## ##..##.##..######.#
##..# #..###....>.....#.#
#.######.###..#.#####.#.###
#..)...#.#.#..#.#####.#.#.#
#.####.#..............#.#.#
#.####.#.#.####....#..#.#.#
#................#.#......#
.......#..######.#.#....###
#.######..# #.@..#.####
..........# #@...###
#.#######.. #....#
............ ......#
..###########..#.#.# ..#
#....#.# ).#. #.####.#
...... .. .# #.#.... .#.


You could see Sigmund (confused).

Vanquished Creatures
  4 bats
  2 endoplasms (D:1)
  A giant cockroach (D:1)
  5 goblins
  5 hobgoblins
  4 jackals (D:1)
  7 ball pythons
  A frilled lizard (D:1)
  A kobold (D:1)
  3 rats (D:1)
33 creatures vanquished.

Notes
Turn   | Place    | Note
-------+----------+-------------------------------------------
     0 | D:1      | ryw the Spriggan Enchanter began the quest for the Orb.
     0 | D:1      | Reached XP level 1. HP: 9/9 MP: 5/5
   271 | D:1      | Reached XP level 2. HP: 3/13 MP: 6/6
  1831 | D:2      | Found a faded altar of an unknown god.
  2058 | D:1      | Reached XP level 3. HP: 15/16 MP: 8/8
  2062 | D:1      | Learned a level 3 spell: Confusing Touch
  2065 | D:1      | Learned a level 2 spell: Ensorcelled Hibernation
  2069 | D:1      | Learned a level 3 spell: Tukima's Dance
  2364 | D:2      | Noticed Sigmund
  2535 | D:2      | Slain by Sigmund

Illustrated notes

Levels and vault maps discovered:
D:1:      lemuel_arrival_tunnels, layout_loops_cross
D:2:      layout_basic, nicolae_ecumenical_snake_handling,
          corexii_leaking_fountain, minmay_misc_feat_tiny,
          kennysheep_generic_room_8, uniq_sigmund

Skill      XL: |  1  2 |
---------------+-------+-----
Dodging        | 3 |  3.4
Spellcasting   | 3 |  3.2
Hexes          | 4 |  4.1
Short Blades   | |  1.9
Stealth        | |  4.4

Action                   || total
-------------------------++-------
Melee: Dagger            ||   138
 Cast: Confusing Touch   ||     3
 Stab: Sleeping          ||     8
       Confused          ||     2
Armor: Robe              ||    15
Dodge: Dodged            ||    89

Table legend: (Time is in decaauts)
 A = Elapsed time spent in this place.
 B = Non-inter-level travel time spent in this place.
 C = Inter-level travel time spent in this place.
 D = Time resting spent in this place.
 E = Time spent auto-exploring this place.
 F = Levels seen in this place.
 G = Mean time per level.
                   A        B        C        D        E       F      G
               +--------+--------+--------+--------+--------+-----+--------+
         Total |   2024 |   1983 |     41 |    884 |    757 |   2 | 1012.0 |
       Dungeon |   2024 |   1983 |     41 |    884 |    757 |   2 | 1012.0 |
               +--------+--------+--------+--------+--------+-----+--------+

Top non-repeatable levels by time:
     D:1: 1337 daAuts
     D:2: 686 daAuts
